 Dungeon Crawl Stone Soup version 0.28-a0-1412-gf95308ed99 (webtiles) character file.

Game seed: 16831547945779985908

531 spaghetti the Skirmisher (level 7, -10/55 HPs)
             Began as a Mummy Cinder Acolyte on Jan 6, 2022.
             Was a Follower of Ignis.
             Mangled by a wight (16 damage)
             ... on level 4 of the Dungeon.
             The game lasted 00:14:24 (6189 turns).

spaghetti the Skirmisher (Mummy Cinder Acolyte)     Turns: 6189, Time: 00:14:24

Health: -10/55     AC: 10    Str: 19    XL:     7   Next: 3%
Magic:  9/9        EV: 12    Int: 16    God:    Ignis [*.....]
Gold:   122        SH:  0    Dex:  8    Spells: 6/8 levels left

rFire   . . .      SeeInvis .   s - +2 dagger (venom) {short}
rCold   + . .      Faith    .   (no shield)
rNeg    + + +      Spirit   .   a - +0 robe
rPois   ∞          Reflect  .   r - +0 helmet {Int+3}
rElec   .          Harm     .   (no cloak)
rCorr   .          Rampage  .   (no gloves)
Will    .....                   (no boots)
Stlth   ++........              (no amulet)
HPRegen 0.18/turn               (no ring)
MPRegen 0.11/turn               (no ring)

@: rising, fiery-armoured, flying
A: cold resistance 1, negative energy resistance 3, torment resistance 2, heat
vulnerability 1, no potions
a: Renounce Religion, Fiery Armour, Foxfire Swarm


You were on level 4 of the Dungeon.
You worshipped Ignis.
Ignis was aware of your devotion.
You visited 1 branch of the dungeon, and saw 4 of its levels.

You collected 122 gold pieces.


Innate Abilities, Weirdness & Mutations

You are immune to poison.
Your flesh is cold resistant. (rC+)
You are immune to negative energy. (rN+++)
You are immune to unholy pain and torment.
You are vulnerable to heat. (rF-)
You do not drink.


   Skills:
 + Level 4.8 Fighting
 + Level 1.8 Throwing
 + Level 3.1 Dodging
 - Level 2.0 Stealth
 - Level 3.6 Unarmed Combat
 - Level 1.3 Spellcasting
 - Level 2.4 Fire Magic


You had 6 spell levels left.
You knew the following spells:

 Your Spells              Type           Power      Damage    Failure   Level
a - Scorch                Fire           16%        2d6       12%         2

Your spell library contained the following spells:

 Spells                   Type           Power      Damage    Failure   Level
 Corpse Rot               Necr/Air       2%         N/A       32%         2
 Passwall                 Tmut/Erth      0%         N/A       32%         2
 Swiftness                Air            1%         N/A       54%         3
 Dispel Undead            Necr           1%         3d6       91%         4
 Death Channel            Necr           0%         N/A       100%        6

Inventory:

Hand Weapons
 b - a +0 dagger {short}
   (You took it off a kobold on level 1 of the Dungeon)
 e - a +0 whip {mace}
   (You took it off a kobold on level 1 of the Dungeon)
 g - a +0 whip {mace}
   (You took it off a kobold on level 1 of the Dungeon)
 i - a +0 whip {mace}
   (You took it off a kobold on level 1 of the Dungeon)
 l - a +0 short sword {short}
   (You took it off a kobold on level 1 of the Dungeon)
 n - a +0 club {mace}
   (You took it off a goblin on level 1 of the Dungeon)
 o - a +0 short sword {short}
   (You found it on level 1 of the Dungeon)
 s - a +2 dagger of venom (weapon) {short}
   (You took it off an orc wizard on level 3 of the Dungeon)
Missiles
 d - 54 sling bullets
 f - 61 stones (quivered) {throwing}
 h - 13 poisoned darts {throwing}
 j - 12 boomerangs {throwing}
 w - 63 arrows
 x - 20 bolts
Armour
 a - a +0 robe (worn)
 r - a +0 helmet of intelligence (worn)
   (You found it on level 2 of the Dungeon)
Magical Staves
 u - a staff of air {!astaff}
   (You found it on level 4 of the Dungeon)
Scrolls
 c - 2 scrolls of amnesia {unknown}
 k - a scroll of brand weapon {unknown}
 m - a scroll of enchant weapon {unknown}
 p - 7 scrolls of identify {unknown}
 q - a scroll of fear {unknown}
 t - 3 scrolls of vulnerability {unknown}
 v - a scroll of teleportation {unknown}

Dungeon Overview and Level Annotations

Branches:
Dungeon (4/15)
 Temple: D:4-7

Altars:
Qazlal

Annotations:
D:2 1 runed translucent door, Crazy Yiuf
D:4 2 transporters, AverageBear's ghost, amateur DDFi

######### #..v((... #.# ######
#.# #....s ##### #.# #.#### #...#
#.#### #.# #...# #z...# #.# #...#
#@##.# ##.#### #####...# ####'###
#....J. ........# ###§≈.≈≈#
#..#### #####...#
#.#≈...≈#####..# ##'##
#)#≈._.≈#......# #.#
#.#≈...≈#....Ss# ##
##.########.#≈≈.≈≈#......# #.
#####.....[.....###'#######J.###.
....'...................###..#.'<


You could see a wight.


Message History

Throw: 44 stones {throwing}
Press: ? - help, Q - select action, (/) - cycle Shift-Dir - straight line, f/p - ball python
Aim: a ball python (52% to hit)
You throw a stone {throwing}.
The stone {throwing} hits the ball python but does no damage.
Throw: 43 stones {throwing}
Press: ? - help, Q - select action, (/) - cycle Shift-Dir - straight line, f/p - ball python
Aim: a ball python (52% to hit)
You throw a stone {throwing}.
The stone {throwing} hits the ball python.
Throw: 42 stones {throwing}
Press: ? - help, Q - select action, (/) - cycle Shift-Dir - straight line, f/p - ball python
Aim: a ball python (severely wounded, 52% to hit)
You throw a stone {throwing}.
The stone {throwing} barely misses the ball python.
Throw: 41 stones {throwing}
Press: ? - help, Q - select action, (/) - cycle Shift-Dir - straight line, f/p - ball python
Aim: a ball python (severely wounded, 52% to hit)
You throw a stone {throwing}.
The stone {throwing} hits the ball python but does no damage.
You hit the ball python.
You kill the ball python!
w - 42 arrows (gained 19)
f - 41 stones {throwing} (gained 1)
f - 62 stones {throwing} (gained 21)
f - 63 stones {throwing} (gained 1)
f - 64 stones {throwing} (gained 1)
The orc warrior shouts!
The hobgoblin shouts!
AverageBear's ghost says, "I'll split you in two!"
The quokka twitches its whiskers.
AverageBear's ghost mumbles, "They all look like pillowcases to me..."
AverageBear's ghost screams, "Don't try to defend!
You have no chance!"
There is a stone staircase leading down here.
w - 63 arrows (gained 21)
x - 20 bolts You open the door.
There is an open door here.
There is an open door here.
There is a stormy altar of Qazlal here.
There is an open door here.
A wight comes into view.
It is wielding a +4 morningstar of freezing.
A wight is nearby!
Throw: 64 stones {throwing}
Press: ? - help, Q - select action, (/) - cycle Shift-Dir - straight line, f - wight
Aim: a wight, wielding a +4 morningstar of freezing and wearing a +0 robe (56% to hit)
You throw a stone {throwing}. The stone {throwing} hits the wight.
Throw: 63 stones {throwing}
Press: ? - help, Q - select action, (/) - cycle Shift-Dir - straight line, f/p - wight
Aim: a wight, wielding a +4 morningstar of freezing and wearing a +0 robe (lightly damaged, 56% to hit)
You throw a stone {throwing}.
The stone {throwing} hits the wight but does no damage.
Throw: 62 stones {throwing}
Press: ? - help, Q - select action, (/) - cycle Shift-Dir - straight line, f/p - wight
Aim: a wight, wielding a +4 morningstar of freezing and wearing a +0 robe (lightly damaged, 56% to hit)
You throw a stone {throwing}.
The stone {throwing} hits the wight but does no damage.
You hit the wight but do no damage.
The wight hits you with a +4 morningstar of freezing.
The wight freezes you. 😕 HP[-5]
You take 5 damage, and now have 50/55 hp.
You hit the wight.
The wight hits you with a +4 morningstar of freezing!
The wight freezes you. 😕 HP[-8]
You take 8 damage, and now have 42/55 hp.
You hit the wight. The wight closely misses you.
You hit the wight but do no damage.
The wight hits you with a +4 morningstar of freezing!
The wight freezes you. 😮 HP[-14]
You take 14 damage, and now have 28/55 hp.
MASSIVE DAMAGE!! (PAUSE)
You barely miss the wight.
The wight hits you with a +4 morningstar of freezing!
* * * LOW HITPOINT WARNING * * *
The wight freezes you.
* * * LOW HITPOINT WARNING * * *
😱 HP[-17]
You take 17 damage, and now have 11/55 hp.
MASSIVE DAMAGE!! (PAUSE) Activating: Foxfire Swarm
Press: ? - help, Dir - look around, f - activate Flames leap up around you!
The wight hits you with a +4 morningstar of freezing!
* * * LOW HITPOINT WARNING * * *
😱 HP[-6]
You take 6 damage, and now have 5/55 hp.
The foxfire hits the wight but does no damage.
Activating: Foxfire Swarm
Press: ? - help, Dir - look around, f - activate Flames leap up around you!
The foxfire hits the wight.
The foxfire hits the wight but does no damage.
You begin to rise into the air.
The wight barely misses you. 😱 HP[+1]
A protective cloak of flame settles atop you.
The wight hits you with a +4 morningstar of freezing!
You die...

Skill      XL: |  1  2  3  4  5  6 |
---------------+-------------------+-----
Stealth        | 1 2 |  2.0
Dodging        | 1 2 3 |  3.1
Unarmed Combat | 3 |  3.6
Fighting       | 4 |  4.8
Throwing       | 1 |  1.8
Spellcasting   | |  1.3
Fire Magic     | |  2.4

Action                   |  1- 3 |  4- 6 |  7- 9 || total
-------------------------+-------+-------+-------++-------
Melee: Unarmed           |    65 |    90 |       ||   155
       Punch             |       |     6 |     1 ||     7
       Dagger            |       |    78 |    14 ||    92
Throw: Dart              |    88 |    31 |       ||   119
       Stone             |    17 |   137 |    12 ||   166
Invok: Fiery Armour      |     2 |     1 |     1 ||     4
       Foxfire Swarm     |     1 |     2 |     2 ||     5
       Rising Flame      |       |       |     1 ||     1
Armor: Robe              |    28 |    34 |     1 ||    63
Dodge: Dodged            |    60 |    95 |     4 ||   159

Levels and vault maps discovered:
D:1:      scummos_arrival_simple_crosswalls, layout_loops_ring
D:2:      layout_basic, shapermc_ecumenical_altar_mp_highgroup, corexii_shack,
          uniq_crazy_yiuf_cottage
D:3:      layout_rooms
D:4:      layout_basic, kennysheep_little_box, gammafunk_ghost_arena,
          uniq_blork_the_orc

Notes
Turn   | Place    | Note
-------+----------+-------------------------------------------
     0 | D:1      | spaghetti the Mummy Cinder Acolyte began the quest for the
                  | Orb.
     0 | D:1      | Reached XP level 1. HP: 18/18 MP: 2/2
     0 | D:1      | magus.rc [v1.9.6]
   234 | D:1      | Reached XP level 2. HP: 24/24 MP: 4/4
   408 | D:1      | HP: 6/24 [ball python (3)]
   747 | D:1      | Reached skill level 1 in Stealth
   758 | D:2      | Reached skill level 1 in Dodging
   966 | D:1      | Reached XP level 3. HP: 29/29 MP: 5/5
   974 | D:1      | Learned a level 2 spell: Scorch
  1390 | D:2      | Noticed a scorpion
  1405 | D:1      | HP: 5/29 [scorpion (6)]
  1407 | D:1      | Killed a scorpion
  1408 | D:1      | Reached skill level 3 in Unarmed Combat
  1408 | D:1      | Reached XP level 4. HP: 6/35 MP: 6/6
  2573 | D:2      | You pick up a book of Burglary and begin reading...
  2573 | D:2      | You add the spells Passwall and Swiftness to your library.
  2864 | D:2      | Found a faded altar of an unknown god.
  2933 | D:2      | Found a runed translucent door.
  2934 | D:2      | Noticed Crazy Yiuf
  3316 | D:3      | HP: 9/36 [iguana (3)]
  3319 | D:3      | Reached skill level 2 in Stealth
  3319 | D:3      | Reached XP level 5. HP: 11/42 MP: 7/7
  3750 | D:3      | Reached skill level 2 in Dodging
  4021 | D:3      | Reached skill level 4 in Fighting
  4032 | D:3      | HP: 10/42 [something (3)]
  4037 | D:3      | HP: 5/42 [orc wizard (4)]
  4510 | D:3      | HP: 9/42 [gnoll shaman (6)]
  4512 | D:3      | Reached XP level 6. HP: 11/48 MP: 8/8
  5003 | D:4      | Reached skill level 1 in Throwing
  5032 | D:4      | HP: 10/49 [gnoll (7)]
  5372 | D:4      | Reached skill level 3 in Dodging
  5729 | D:4      | Found a stormy altar of Qazlal.
  5755 | D:4      | Reached XP level 7. HP: 36/55 MP: 9/9
  5956 | D:4      | You pick up a book of Decay and begin reading...
  5956 | D:4      | You add the spells Corpse Rot, Dispel Undead and Death
                  | Channel to your library.
  6042 | D:4      | Found a transporter.
  6042 | D:4      | Noticed AverageBear's ghost (amateur DDFi)
  6071 | D:4      | Found a transporter.
  6180 | D:4      | HP: 11/55 [wight (3)]
  6181 | D:4      | HP: 5/55 [wight (7)]
  6189 | D:4      | Mangled by a wight

Vanquished Creatures
  3 scorpions
  A howler monkey (D:4)
  A gnoll shaman (D:3)
  2 iguanas
  3 orc wizards
  3 adders
  3 gnolls (D:4)
  2 dart slugs
  7 orcs
  8 ball pythons
  10 bats
  10 endoplasms
  5 giant cockroaches
  7 goblins
  5 hobgoblins
  3 quokkas
  3 frilled lizards
  11 kobolds
  6 rats
93 creatures vanquished.

Vanquished Creatures (others)
  51 foxfires
  A plant (D:2)
52 creatures vanquished.

Grand Total: 145 creatures vanquished

Table legend:
 A = Non-vault XP
 B = Vault XP
 C = Vault XP percentage of total XP
 D = Non-vault monster count
 E = Vault monster count
 F = Vault count percentage of total count
                 A         B        C        D         E       F
            +---------+---------+-------+---------+---------+-------
      Total |     757 |       2 |   0.3 |      92 |       1 |   1.1
            +---------+---------+-------+---------+---------+-------
        D:1 |     138 |       0 |   0.0 |      32 |       0 |   0.0
        D:2 |      48 |       2 |   4.0 |      14 |       1 |   6.7
        D:3 |     285 |       0 |   0.0 |      25 |       0 |   0.0
        D:4 |     286 |       0 |   0.0 |      21 |       0 |   0.0
            +---------+---------+-------+---------+---------+-------

Illustrated notes

Table legend:
 A = Kills in this place as a percentage of kills in entire the game.
 B = Kills by you in this place as a percentage of kills by you in the entire game.
 C = Kills by friends in this place as a percentage of kills by friends in the entire game.
 D = Other kills in this place as a percentage of other kills in the entire game.
 E = Experience gained in this place as a percentage of experience gained in the entire game.
 F = Experience gained in this place divided by the number of levels of this place that you have seen.
                   A       B       C       D       E      F
               +-------+-------+-------+-------+-------+----------------------
         Total | 100.0 | 100.0 |   N/A |   N/A | 100.0 | 189.8
       Dungeon | 100.0 | 100.0 |   N/A |   N/A | 100.0 | 189.8
               +-------+-------+-------+-------+-------+----------------------

Table legend: (Time is in decaauts)
 A = Elapsed time spent in this place.
 B = Non-inter-level travel time spent in this place.
 C = Inter-level travel time spent in this place.
 D = Time resting spent in this place.
 E = Time spent auto-exploring this place.
 F = Levels seen in this place.
 G = Mean time per level.
                   A        B        C        D        E       F      G
               +--------+--------+--------+--------+--------+-----+--------+
         Total |   6200 |   6087 |    113 |   2347 |   2835 |   4 | 1550.0 |
       Dungeon |   6200 |   6087 |    113 |   2347 |   2835 |   4 | 1550.0 |
               +--------+--------+--------+--------+--------+-----+--------+

Top non-repeatable levels by time:
     D:2: 1767 daAuts
     D:1: 1664 daAuts
     D:3: 1464 daAuts
     D:4: 1303 daAuts
